 Dungeon Crawl Stone Soup version 0.22-a0-247-gbddf880757 (webtiles) character file.

7244 Peterchen the Severer (level 10, -2/115 HPs)
             Began as a Minotaur Berserker on Feb 26, 2018.
             Was a High Priest of Trog.
             Killed from afar by an electric eel (9 damage)
             ... with a bolt of electricity
             ... while paralysed
             ... on level 10 of the Dungeon.
             The game lasted 00:20:10 (8558 turns).

Peterchen the Severer (Minotaur Berserker)          Turns: 8558, Time: 00:20:10

Health: -2/115     AC: 13    Str: 30    XL:     10   Next: 88%
Magic:  9/9        EV:  2    Int:  4    God:    Trog [*****.]
Gold:   611        SH:  0    Dex: 10    Spells: 9/9 levels left

rFire    + . .     SeeInvis .   I - +0 battleaxe
rCold    . . .     Gourm    .   (shield currently unavailable)
rNeg     . . .     Faith    .   i - +0 shadow dragon scales
rPois    .         Spirit   .   (helmet restricted)
rElec    .         Reflect  .   (no cloak)
rCorr    .         Harm     .   l - +0 pair of gloves
MR       ++...                  E - +0 pair of boots
Stlth    ..........             (no amulet)
HPRegen  1.29/turn              r - ring of protection from fire
MPRegen  0.11/turn              (no ring)

@: paralysed, berserking, fainting, regenerating, very slow
A: retaliatory headbutt, horns 2
a: Berserk, Trog's Hand, Brothers in Arms, Renounce Religion


You were on level 10 of the Dungeon.
You worshipped Trog.
Trog was extremely pleased with you.
You were fainting.

You visited 1 branch of the dungeon, and saw 10 of its levels.

You collected 611 gold pieces.

Inventory:

Hand Weapons
 I - a +0 battleaxe (weapon)
Missiles
 C - 2 steel javelins (quivered)
Armour
 i - +0 shadow dragon scales (worn)
 l - a +0 pair of gloves (worn)
 y - a +2 buckler
 E - a +0 pair of boots (worn)
Jewellery
 r - a ring of protection from fire (left hand)
Wands
 p - a wand of disintegration (16)
 v - a wand of polymorph (10)
 z - a wand of random effects (24)
 B - a wand of iceblast (17)
Scrolls
 a - 2 scrolls of noise {unknown}
 b - 4 scrolls of teleportation
 e - 2 scrolls of remove curse
 f - 3 scrolls of enchant armour
 h - 2 scrolls of fear
 m - a scroll of blinking
 o - 4 scrolls of identify
 s - 4 scrolls of fog {unknown}
 x - a scroll of enchant weapon {unknown}
 D - a scroll of holy word {unknown}
 F - a scroll of acquirement {unknown}
Potions
 d - 7 potions of curing
 g - 2 potions of might
 j - a potion of haste {unknown}
 k - a potion of agility {unknown}
 n - 2 potions of cancellation {unknown}
 q - a potion of berserk rage {unknown}
 t - 2 potions of lignification {unknown}
 u - a potion of invisibility {unknown}
 w - a potion of resistance {unknown}
 A - a potion of magic {unknown}
 G - a potion of heal wounds {unknown}
 H - a potion of brilliance {unknown}
Comestibles
 c - 21 rations


   Skills:
 - Level 3.6 Fighting
 * Level 18.5 Axes
 - Level 2.4 Armour
 - Level 2.1 Dodging


You had 9 spell levels left.
You didn't know any spells.

Dungeon Overview and Level Annotations

Branches:
Dungeon (10/15)            Temple (0/1) D:6
   Lair: D:8-11         Orc: D:9-12

Altars:
Gozag
Nemelex Xobeh
Ru
Uskayaw
Wu Jian
The Shining One

Annotations:
D:6 2 transporters


Innate Abilities, Weirdness & Mutations

You reflexively headbutt those who attack you in melee.
You have a pair of horns on your head.


Message History

The bolt of electricity misses you.
You enter the shallow water.
Moving in this stuff is going to be slow.
You feel a strong urge to attack something.
You lose consciousness!
The electric eel shoots out a bolt of lightning at you!
The bolt of electricity hits you!
* * * LOW HITPOINT WARNING * * *
The electric eel shoots out a bolt of lightning at you!
The bolt of electricity hits the electric eel.
The electric eel completely resists.
The bolt of electricity hits you!
* * * LOW HITPOINT WARNING * * *
The electric eel shoots out a bolt of lightning at you!
The bolt of electricity hits the electric eel.
The electric eel completely resists.
The bolt of electricity hits you!
* * * LOW HITPOINT WARNING * * *
The electric eel shoots out a bolt of lightning at you!
The bolt of electricity hits the electric eel.
The electric eel completely resists.
The bolt of electricity hits you!
You die...

#≈.≈≈≈..≈..#.
.....####.(≈≈≈..≈....
#.........≈≈≈.≈≈.≈..#
#..........;≈....≈.#
#........#≈.≈....≈.## . .
#.........≈.≈..∩.≈..#..........
#..........≈≈;...≈.............
#........#≈.≈≈@..≈.# ..........
#...[....#≈.≈...≈≈.# #.........
#####....≈)≈..≈≈≈.# #[.....# .
#..#...≈..≈.≈≈# #..#..# #
#..###.≈≈≈≈≈.≈# #.#..# # #..#
#...≈....## ##)...### #..#
##≈≈≈≈≈≈..###...#.... #..#
#..≈..............### #..#
#...≈....##.......# #


You could see 2 electric eels.

Vanquished Creatures
  Erica (D:9)
  A two-headed ogre (D:8)
  Pikel (D:5)
  Maurice (D:8)
  The ghost of Peterchen the Cleaver, an amateur MiBe of Trog (D:5)
  Prince Ribbit (D:8)
  2 hippogriffs (D:9)
  A vampire (D:9)
  3 yaks (D:10)
  Grum (D:9)
  Edmund (D:4)
  2 ice beasts
  A sky beast (D:6)
  A phantom (D:9)
  An orc warrior (D:10)
  A black bear (D:9)
  6 ogres
  A necrophage (D:10)
  4 wolves (D:9)
  2 centaurs (D:8)
  Blork the orc (D:4)
  5 bullfrogs
  3 scorpions
  A howler monkey (D:10)
  4 crimson imps
  2 centaur zombies
  A bullfrog zombie (D:6)
  2 centaur skeletons
  2 jellies
  7 orc priests
  A hound (D:6)
  10 orc wizards
  5 worker ants
  2 hound skeletons
  A worker ant zombie (D:6)
  Robin (D:4)
  8 adders
  8 gnolls
  A hound simulacrum (D:10)
  3 shadow imps
  4 white imps (D:10)
  2 oozes
  2 adder skeletons
  2 adder zombies
  A worm (D:3)
  2 dart slugs
  An adder simulacrum (D:10)
  10 leopard geckos
  29 orcs
  6 giant cockroaches
  10 hobgoblins
  5 jackals
  7 quokkas
  3 ball pythons
  7 bats
  5 frilled lizards
  A giant cockroach zombie (D:6)
  14 goblins
  6 kobolds
  A quokka skeleton (D:4)
  5 rats
224 creatures vanquished.

Vanquished Creatures (collateral kills)
  The ghost of Xeas the Covert, a novice SpEn (D:6)
1 creature vanquished.

Vanquished Creatures (others)
  A slave (D:5)
1 creature vanquished.

Grand Total: 226 creatures vanquished

Notes
Turn   | Place    | Note
-------+----------+-------------------------------------------
     0 | D:1      | Peterchen the Minotaur Berserker began the quest for the Orb.
     0 | D:1      | Reached XP level 1. HP: 19/19 MP: 0/0
   131 | D:1      | Reached skill level 4 in Axes
   223 | D:1      | Reached XP level 2. HP: 14/26 MP: 1/1
   824 | D:1      | Reached skill level 5 in Axes
   946 | D:2      | Reached XP level 3. HP: 29/31 MP: 2/2
   985 | D:2      | Reached skill level 6 in Axes
   985 | D:2      | Reached XP level 4. HP: 18/39 MP: 3/3
   985 | D:2      | Reached ** piety under Trog
  1487 | D:2      | Found a sacrificial altar of Ru.
  1793 | D:3      | Found an opulent altar of Gozag.
  2001 | D:3      | Reached skill level 7 in Axes
  2001 | D:3      | Reached XP level 5. HP: 26/45 MP: 4/4
  2734 | D:4      | Noticed Blork the orc
  2749 | D:4      | Killed Blork the orc
  2749 | D:4      | Reached skill level 8 in Axes
  2749 | D:4      | Reached XP level 6. HP: 45/51 MP: 5/5
  2818 | D:4      | Noticed Robin
  2827 | D:4      | Reached *** piety under Trog
  2829 | D:4      | Killed Robin
  2983 | D:4      | Noticed Edmund
  2996 | D:4      | Killed Edmund
  2996 | D:4      | Reached skill level 9 in Axes
  3024 | D:4      | Reached XP level 7. HP: 57/57 MP: 6/6
  3029 | D:4      | Reached skill level 10 in Axes
  3137 | D:4      | Reached skill level 11 in Axes
  3700 | D:5      | Entered Level 5 of the Dungeon
  3731 | D:5      | Reached XP level 8. HP: 35/64 MP: 7/7
  3784 | D:5      | Noticed Pikel
  3791 | D:5      | Killed Pikel
  3791 | D:5      | Reached **** piety under Trog
  3791 | D:5      | Reached skill level 12 in Axes
  3878 | D:5      | Noticed Peterchen's ghost (amateur MiBe)
  3886 | D:5      | Killed Peterchen's ghost
  3886 | D:5      | Reached skill level 13 in Axes
  4367 | D:6      | Noticed Xeas's ghost (novice SpEn)
  4402 | D:6      | Killed Xeas's ghost
  4587 | D:6      | Found a transporter.
  4594 | D:6      | Found a transporter.
  4598 | D:6      | Noticed a deep troll
  4600 | D:6      | Found a hide-covered altar of Uskayaw.
  4600 | D:6      | Found an ornate altar of the Wu Jian Council.
  4601 | D:6      | Found a sparkling altar of Nemelex Xobeh.
  4644 | D:6      | Reached XP level 9. HP: 70/70 MP: 8/8
  4718 | D:6      | Reached skill level 14 in Axes
  4951 | D:6      | Found a staircase to the Ecumenical Temple.
  5621 | D:7      | Found a glowing golden altar of the Shining One.
  5805 | D:8      | Reached skill level 15 in Axes
  5831 | D:8      | Noticed a two-headed ogre
  5841 | D:8      | Killed a two-headed ogre
  6030 | D:8      | Noticed Maurice
  6095 | D:8      | Reached skill level 16 in Axes
  6182 | D:8      | Killed Maurice
  6331 | D:8      | Noticed Prince Ribbit
  6334 | D:8      | Killed Prince Ribbit
  6334 | D:8      | Reached XP level 10. HP: 77/77 MP: 9/9
  6984 | D:9      | Received a gift from Trog
  7081 | D:9      | Noticed Grum
  7095 | D:9      | Killed Grum
  7095 | D:9      | Reached skill level 17 in Axes
  7366 | D:9      | Noticed Erica
  7371 | D:9      | Killed Erica
  7717 | D:10     | Entered Level 10 of the Dungeon
  7725 | D:10     | Reached skill level 18 in Axes
  8021 | D:10     | Reached ***** piety under Trog
  8555 | D:10     | Paralysed by fainting for 7 turns
  8556 | D:10     | HP: 4/115 [electric eel/bolt of electricity (8)]
  8558 | D:10     | Killed from afar by an electric eel

Vault maps used:
D:1:      scummos_arrival_star, serial_forest, infiniplex_forest_end_2,
          infiniplex_forest_clump_curved, infiniplex_forest_corner_2,
          infiniplex_forest_zigzag_2, infiniplex_forest_corner_2,
          infiniplex_forest_straight_2
D:2:      nicolae_ru_sacrificial_ziggurat
D:3:      grunt_gozag_breadcrumbs, saegor_snake_ambush
D:4:      first_ration, minmay_joined_circles, uniq_edmund, uniq_robin,
          uniq_blork_the_orc
D:5:      minmay_misc_feat_secret_circle, uniq_pikel
D:6:      gammafunk_temple_overflow_arena, minmay_temple_entry_statues_pillars
D:7:      kennysheep_little_box, grunt_ogre_cave, feat_on_display
D:8:      minmay_misc_feat_iff, uniq_maurice, uniq_prince_ribbit1
D:9:      kennysheep_potato, uniq_erica, uniq_grum
D:10:     serial_ice, serial_ice_j, serial_ice_e, serial_ice_b, serial_ice_a

Skill      XL: |  1  2  3  4  5  6  7  8  9 10 |
---------------+-------------------------------+-----
Axes           | 4 5 6 7 8 9 11 13 16 18 | 18.5
Fighting       | |  3.6
Armour         | |  2.4
Dodging        | |  2.1

Action                   |  1- 3 |  4- 6 |  7- 9 | 10-12 || total
-------------------------+-------+-------+-------+-------++-------
Melee: Hand axe          |    72 |    46 |       |       ||   118
       Headbutt          |     5 |    17 |    43 |    35 ||   100
       War axe           |       |    53 |   246 |   136 ||   435
       Battleaxe         |       |       |       |    32 ||    32
Throw: Javelin           |       |       |       |     5 ||     5
Invok: Berserk           |     2 |     4 |     9 |     3 ||    18
       Trog's Hand       |       |       |     4 |     1 ||     5
       Brothers in Arms  |       |       |     1 |       ||     1
  Use: Scroll            |       |     2 |     8 |       ||    10
       Potion            |       |       |     2 |       ||     2
 Stab: Sleeping          |     3 |    10 |    10 |     5 ||    28
       Distracted        |       |     1 |       |       ||     1
  Eat: Chunk             |     1 |    12 |    16 |     9 ||    38
       Ration            |       |       |     1 |       ||     1
Armor: Animal skin       |     7 |       |       |       ||     7
       Shadow dragon sca |    35 |    42 |   101 |    67 ||   245
Dodge: Dodged            |    43 |    47 |    56 |    53 ||   199
Block: Shield            |       |       |    12 |       ||    12
       Buckler           |       |       |    29 |    21 ||    50

Table legend:
 A = Spawn XP
 B = Non-spawn XP
 C = Spawn XP percentage of total XP
 D = Spawn monster count
 E = Non-spawn monster count
 F = Spawn count percentage of total count
 G = Total turns spent on level
                    A         B        C        D         E        F      G
               +---------+---------+-------+---------+---------+-------+---------
         Total |       0 |   10349 |   0.0 |       0 |     225 |   0.0 |  8558
               +---------+---------+-------+---------+---------+-------+---------
           D:1 |       0 |      36 |   0.0 |       0 |      22 |   0.0 |   917
           D:2 |       0 |     127 |   0.0 |       0 |      25 |   0.0 |   789
           D:3 |       0 |     132 |   0.0 |       0 |      17 |   0.0 |  1019
           D:4 |       0 |    1056 |   0.0 |       0 |      45 |   0.0 |   975
           D:5 |       0 |    1127 |   0.0 |       0 |      14 |   0.0 |   622
           D:6 |       0 |    1155 |   0.0 |       0 |      28 |   0.0 |  1024
           D:7 |       0 |     273 |   0.0 |       0 |      12 |   0.0 |   447
           D:8 |       0 |    1901 |   0.0 |       0 |       9 |   0.0 |   975
           D:9 |       0 |    3039 |   0.0 |       0 |      26 |   0.0 |   949
          D:10 |       0 |    1503 |   0.0 |       0 |      27 |   0.0 |   841
               +---------+---------+-------+---------+---------+-------+---------
